AoeStats
← pabloms8

Socotra

505284371Analyzed
2v2 RM · 24d ago on Sep 8, 2026· 35m 7s· 4 players
Game mode
Random Map
Map size
Tiny (2 player)
Population
200
Speed
Normal
Resources
Standard
Victory
Conquest
Starting age
Dark Age
Ending age
Imperial Age
RankedLock teamsTeams togetherTeam positionsShared explorationLock speedFull tech treeHidden civsTurbo modeCheats
Victory
Defeat
🇪🇸 Britons · Spain
805
+18
🇪🇸 Magyars · Spain
805
+18
🇸🇮 Celts · Slovenia
866
-19
🇧🇷 Britons · Brazil
835
-17
perrusco
8:56 Loom
10:50 Feudal Age
14:53 Fletching
19:36 Double-Bit Axe
25:04 Castle Age
26:06 Crossbowman
31:44 Light Cavalry
32:24 Husbandry
33:09 Padded Archer Armor
33:04 Bodkin Arrow
32:43 Pikeman
pabloms8
3:33 Loom
11:13 Feudal Age
18:27 Town Watch
18:35 Double-Bit Axe
22:15 Wheelbarrow
25:30 Castle Age
23:55 Horse Collar
25:08 Bloodlines
26:57 Husbandry
30:37 Thumb Ring
33:33 Stone Mining
34:49 Fletching
lemuel_db
1:15 Loom
11:49 Feudal Age
12:17 Double-Bit Axe
14:59 Horse Collar
15:44 Fletching
17:08 Gold Mining
20:43 Forging
26:25 Castle Age
25:18 Padded Archer Armor
27:08 Husbandry
27:16 Heavy Plow
27:28 Bow Saw
27:32 Elite Skirmisher
29:49 Husbandry
33:26 Bodkin Arrow
bibi
0:28 Loom
11:50 Feudal Age
14:08 Double-Bit Axe
14:28 Man-at-Arms
21:06 Horse Collar
23:40 Padded Archer Armor
23:42 Scale Mail Armor
26:52 Fletching
27:13 Forging
33:48 Castle Age
34:42 Pikeman
Connection lost

Rejoining the realm…

Still unreachable

The connection could not be restored.

Session expired

The server has moved on; the page needs a fresh start.